 Dungeon Crawl Stone Soup version 0.12.2-18-gb8c16a5 (webtiles) character file.

89575 R18L the Phalangite (level 16, -6/180 HPs)
             Began as a Human Gladiator on Aug 19, 2013.
             Was a High Priest of Trog.
             Mangled by Agnes
             ... wielding a +1,+2 anti-magic lajatang
              (24 damage)
             ... on Level 17 of the Dungeon.
             The game lasted 02:04:09 (32349 turns).

R18L the Phalangite (Human Gladiator)              Turns: 32349, Time: 02:04:09

HP  -6/180       AC 26     Str 25      XL: 16   Next: 55%
MP   0/5         EV  7     Int 11      God: Trog [*****.]
Gold 1259        SH  0     Dex 14      Spells:  0 memorised, 15 levels left

Res.Fire  : + . .   See Invis. : .   a - +0,+8 bardiche (antimagic)
Res.Cold  : . . .   Warding    : .   F - +0 plate armour
Life Prot.: . . .   Conserve   : +   (no shield)
Res.Poison: .       Res.Corr.  : .   c - +1 helmet
Res.Elec. : .       Clarity    : .   H - +0 cloak
Sust.Abil.: . .     Spirit.Shd : .   (no gloves)
Res.Mut.  : .       Stasis     : .   e - +2 pair of boots {run}
Res.Rott. : .       Ctrl.Telep.: .   y - amulet of conservation
Saprovore : . . .   Flight     : .   G - ring of protection from fire
                                     s - ring of sustenance

@: mighty, berserking (expiring), very quick, somewhat resistant to hostile
enchantments, extremely unstealthy
A: no striking features
a: Burn Spellbooks, Berserk, Trog's Hand, Brothers in Arms, Renounce Religion


You were on level 17 of the Dungeon.
You worshipped Trog.
Trog was exalted by your worship.
You were hungry.

You visited 2 branches of the dungeon, and saw 25 of its levels.

You collected 1791 gold pieces.
You spent 552 gold pieces at shops.

Inventory:

Hand weapons
 a - a +0,+8 anti-magic bardiche (weapon)
 b - a +2,+4 glaive of venom
 q - a +2,+2 anti-magic glaive
 x - a +0 blowgun
Missiles
 d - 2 throwing nets (quivered)
 r - 3 javelins of returning
 P - 6 curare-tipped needles
Armour
 c - a +1 helmet (worn)
 e - a +2 pair of boots of running (worn)
 F - a +0 plate armour (worn)
 H - a +0 cloak (worn)
Magical devices
 t - a wand of cold (8)
 E - a wand of paralysis (10)
 N - a wand of teleportation (4)
 Q - a wand of fireball (2)
 U - a wand of digging (9)
Comestibles
 f - 6 bread rations
 j - a honeycomb
 l - 3 royal jellies
Scrolls
 g - a scroll of fog
 h - 4 scrolls of remove curse
 n - 4 scrolls of magic mapping
 v - 2 scrolls of fear
 w - 4 scrolls of teleportation
 W - 3 scrolls of blinking
Jewellery
 s - a ring of sustenance (left hand)
 y - an amulet of conservation (around neck)
 G - a ring of protection from fire (right hand)
 K - an uncursed ring of ice
Potions
 i - a potion of cure mutation
 k - 3 potions of agility
 z - 2 potions of invisibility
 A - 7 potions of curing
 C - a potion of heal wounds
 J - 2 potions of flight
 O - a potion of resistance
Rods
 R - a +0 rod of the swarm (14/14)
   (You took it off a hill giant on level 14 of the Dungeon)


   Skills:
 - Level 10.0 Fighting
 * Level 21.0 Polearms
 - Level 2.0 Throwing
 + Level 17.4 Armour
 - Level 3.1 Dodging


You had 15 spell levels left.
You didn't know any spells.

Dungeon Overview and Level Annotations

Branches:
Dungeon (17/27)            Temple (0/1) D:6             Orc (0/4) D:11
   Lair (8/8) D:13         Shoals (0/5) Lair:3        Snake (0/5) Lair:5
  Slime (0/6) Lair:8       Vaults (0/5) D:15

Altars:
Cheibriados
Okawaru
Trog
Xom
Zin
Jiyva

Shops:
D:12: * D:14: = D:15: %

Portals:
Trove: D:13 (give 16 scrolls of teleportation)

Annotations
D:17 Agnes
Lair:1 exclusion: 4 oklob plants
Lair:2 exclusion: 2 upstairs
Lair:6 exclusion: 2 oklob plants
Lair:7 exclusion: 2 oklob plants


Message History

Unknown command.
You miss Agnes.
Agnes is heavily wounded.
Agnes hits you with an anti-magic lajatang!
* * * LOW HITPOINT WARNING * * *
Unknown command.
You are too injured to fight recklessly!
Unknown command.
You are too injured to fight recklessly!
Unknown command.
You are too injured to fight recklessly!
Unknown command.
You miss Agnes.
Agnes is heavily wounded.
Agnes hits you with an anti-magic lajatang!
* * * LOW HITPOINT WARNING * * *
You miss Agnes.
Agnes is heavily wounded.
Agnes hits you with an anti-magic lajatang!
You die...

#.....#
##.#.....^..
##(##.#
#...........
#..#.#
#.#.........
##.#.#
#.#>........
#.#.###.#.#...^...
#)#.....#.##.....^
#.#######.##...^..
#.# #.# .#.... #@#
#.# .. #i# ....
#)##...........
#.##............
#.##.............
#.##............♣
#)##.....♣....♣♣
#)##.....♣....♣♣
#)##....♣♣$...♣♣♣♣


You could see Agnes.

Vanquished Creatures
  Rupert (D:16)
  Louise (D:16)
  Gastronok (D:8)
  Azrael (D:14)
  The ghost of Gabry the Blocker, a powerful MiFi of Okawaru (D:14)
  Fannar (D:16)
  11 hydras
  2 ogre magi
  A deep troll shaman (Lair:8)
  4 slime creatures
  10 death yaks
  Nergalle (D:15)
  2 centaur warriors
  4 unseen horrors
  A redback zombie (D:16)
  A lindwurm (Lair:8)
  A lindwurm (shapeshifter) (D:17)
  Joseph (D:8)
  2 wolf spiders (D:14)
  8 hill giants
  2 cyclopes
  4 griffons
  4 oklob plants (D:13)
  A spiny worm (Lair:8)
  2 hydra skeletons
  Maurice (D:9)
  A dragon zombie (D:16)
  2 elephant slugs (Lair:7)
  6 elephants
  3 black mambas
  6 spiny frogs
  A griffon skeleton (D:15)
  7 yaktaurs (D:15)
  A hill giant zombie (D:16)
  Psyche (D:9)
  An efreet (D:13)
  6 ugly things (D:16)
  7 komodo dragons
  Grinder (D:3)
  4 two-headed ogres
  2 trolls
  20 blink frogs
  2 fire elementals (D:14)
  6 basilisks
  3 wraiths
  4 fire drakes
  Eustachio (D:9)
  5 wyverns
  3 hungry ghosts
  A clay golem (D:15)
  14 vampire mosquitoes
  A fire drake (shapeshifter) (D:17)
  Grum (D:9)
  A tarantella (shapeshifter) (D:13)
  49 yaks
  8 hippogriffs
  2 giant slug zombies
  5 manticores
  2 war dogs (D:9)
  A deep elf fighter (D:17)
  Edmund (D:8)
  A mottled dragon (D:15)
  Menkaure (D:4)
  A dwarf (shapeshifter) (D:17)
  2 cyclops zombies (D:13)
  A draconian (D:14)
  A soldier ant (D:15)
  A yaktaur skeleton (D:17)
  4 hell hounds (D:14)
  A yellow wasp (D:14)
  6 orc warriors
  2 ice beasts
  3 giant goldfish
  2 yak zombies (D:9)
  4 black bears
  3 sky beasts
  2 boring beetles
  4 phantoms
  13 ogres
  13 centaurs
  2 hippogriff skeletons
  A troll skeleton (D:15)
  A naga (D:14)
  7 wolves (Lair:8)
  2 yak skeletons
  8 giant slugs
  10 crocodiles
  7 water moccasins
  2 big kobolds
  3 agate snails
  11 giant frogs
  A centaur skeleton (D:7)
  A two-headed ogre skeleton (D:15)
  23 killer bees
  A jellyfish (D:9)
  33 wights
  A mottled dragon zombie (D:15)
  9 hounds
  3 goliath beetles
  A shadow (D:8)
  10 crimson imps
  12 big fish
  11 iguanas
  21 orc wizards
  9 orc priests
  9 worker ants
  A hound skeleton (D:8)
  4 scorpions
  A gnoll shaman (D:7)
  6 porcupines
  A steam dragon skeleton (D:6)
  4 jellies
  2 mummies
  31 green rats
  An adder (shapeshifter) (D:15)
  17 gnolls
  16 adders
  An adder skeleton (D:5)
  2 giant mites
  8 worms
  3 giant eyeballs
  9 giant geckos
  40 orcs
  23 bats
  5 giant cockroaches
  14 hobgoblins
  18 jackals
  9 quokkas
  A ball python (D:4)
  8 giant newts
  A giant spore (D:11)
  11 goblins
  16 kobolds
  An orc skeleton (D:9)
  24 rats
  5 ballistomycetes (D:11)
  2 plants (D:13)
797 creatures vanquished.

Vanquished Creatures (collateral kills)
  2 death yaks (Lair:8)
  2 catoblepae
  3 hippogriffs (Lair:5)
  5 manticores (Lair:5)
  5 fire drakes (Lair:5)
  A hell hound (D:14)
18 creatures vanquished.

Vanquished Creatures (others)
  A deep troll (Lair:5)
  2 ogres
  A two-headed ogre (D:17)
  A troll (Lair:5)
  A rock worm (D:14)
  A giant frog (D:10)
  A killer bee (D:16)
  A spider (D:16)
  2 worker ants (D:16)
  An adder (Lair:8)
  A worm (D:16)
  2 kobolds
  A goblin (D:1)
  2 fungi (Lair:8)
  7 plants
25 creatures vanquished.

Grand Total: 840 creatures vanquished

Notes
Turn   | Place    | Note
--------------------------------------------------------------
     0 | D:1      | R18L, the Human Gladiator, began the quest for the Orb.
     0 | D:1      | Reached XP level 1. HP: 17/17 MP: 0/0
   122 | D:1      | Reached XP level 2. HP: 23/23 MP: 1/1
   463 | D:1      | Reached skill level 1 in Armour
   684 | D:1      | Reached XP level 3. HP: 25/28 MP: 2/2
  1207 | D:2      | Reached skill level 4 in Polearms
  1237 | D:2      | Reached XP level 4. HP: 35/35 MP: 3/3
  1459 | D:3      | Found a glowing silver altar of Zin.
  1841 | D:3      | Noticed Grinder
  1842 | D:3      | Paralysed by Grinder for 3 turns
  1852 | D:3      | Paralysed by Grinder for 2 turns
  1857 | D:3      | Killed Grinder
  1857 | D:3      | Reached skill level 5 in Polearms
  1857 | D:3      | Reached XP level 5. HP: 33/40 MP: 4/4
  1857 | D:3      | Reached XP level 6. HP: 37/46 MP: 5/5
  2276 | D:3      | Reached skill level 6 in Polearms
  2457 | D:3      | Reached XP level 7. HP: 51/51 MP: 6/6
  2901 | D:4      | Found a shimmering altar of Xom.
  3094 | D:4      | Reached skill level 7 in Polearms
  3213 | D:4      | Reached XP level 8. HP: 45/58 MP: 7/7
  3469 | D:4      | Noticed Menkaure
  3475 | D:4      | Killed Menkaure
  3699 | D:5      | Entered Level 5 of the Dungeon
  3756 | D:5      | Reached skill level 5 in Armour
  4068 | D:5      | Reached skill level 8 in Polearms
  4815 | D:6      | Reached XP level 9. HP: 54/63 MP: 8/8
  5121 | D:6      | Reached skill level 9 in Polearms
  5189 | D:6      | Found a bloodstained altar of Trog.
  5214 | D:6      | HP: 2/63 [orc warrior/orcish war axe (17)]
  5258 | D:6      | Became a worshipper of Trog the Wrathful
  5444 | D:6      | Found a staircase to the Ecumenical Temple.
  5819 | D:7      | HP: 2/63 [ice beast (8)]
  6240 | D:7      | Acquired Trog's first power
  6303 | D:7      | Reached skill level 10 in Polearms
  6551 | D:7      | Reached XP level 10. HP: 53/69 MP: 9/9
  6763 | D:7      | Found an iron altar of Okawaru.
  7110 | D:8      | Acquired Trog's second power
  7156 | D:8      | Noticed Edmund
  7178 | D:8      | Killed Edmund
  7226 | D:8      | Reached XP level 9. HP: 39/63 MP: 8/8
  7244 | D:8      | Reached XP level 10. HP: 41/69 MP: 9/9
  7251 | D:8      | Reached XP level 9. HP: 28/63 MP: 8/8
  7270 | D:8      | Reached skill level 11 in Polearms
  7324 | D:8      | Noticed Gastronok
  7476 | D:8      | Killed Gastronok
  7476 | D:8      | Reached skill level 12 in Polearms
  7476 | D:8      | Reached XP level 10. HP: 29/69 MP: 9/9
  7776 | D:8      | Noticed Joseph
  7819 | D:8      | Killed Joseph
  8284 | D:8      | Got a pitted hand axe
  8289 | D:8      | Identified the +6,+2 hand axe of Trog's Fury {chop, rC++ rN+ SInv Stlth++} (You found it on level 8 of the Dungeon)
  8380 | D:9      | Noticed Grum
  8403 | D:9      | Killed Grum
  8407 | D:9      | Reached skill level 13 in Polearms
  8407 | D:9      | Reached XP level 11. HP: 51/74 MP: 10/10
  8756 | D:9      | Noticed Psyche
  8779 | D:9      | Killed Psyche
  8825 | D:9      | Paralysed by a giant eyeball for 2 turns
  9046 | D:9      | Noticed Eustachio
  9056 | D:9      | Killed Eustachio
  9341 | D:9      | Noticed Maurice
  9729 | D:9      | Acquired Trog's third power
 10348 | D:9      | Killed Maurice
 10348 | D:9      | Reached skill level 10 in Armour
 10388 | D:10     | Entered Level 10 of the Dungeon
 10397 | D:10     | Reached skill level 14 in Polearms
 10964 | D:11     | Found a staircase to the Orcish Mines.
 10989 | D:11     | Found a snail-covered altar of Cheibriados.
 11834 | D:11     | Paralysed by a giant eyeball for 4 turns
 12184 | D:12     | Found Sche Xint's General Store.
 12200 | D:12     | Reached skill level 5 in Fighting
 12209 | D:12     | Bought a bread ration for 60 gold pieces
 12209 | D:12     | Bought a meat ration for 60 gold pieces
 12209 | D:12     | Bought a scroll of enchant weapon II for 82 gold pieces
 12304 | D:12     | Killed an unseen horror
 12364 | D:12     | Noticed a cyclops
 12639 | D:12     | Killed a cyclops
 12639 | D:12     | Reached XP level 12. HP: 29/86 MP: 11/11
 13386 | D:13     | Found a portal to a secret trove of treasure.
 13561 | D:13     | Noticed a five-headed hydra
 13571 | D:13     | Killed a five-headed hydra
 13868 | D:13     | Noticed a five-headed hydra
 13877 | D:13     | Killed a five-headed hydra
 14570 | D:13     | Found a staircase to the Lair.
 15304 | Lair:1   | Entered Level 1 of the Lair of Beasts
 15672 | Lair:1   | Noticed a four-headed hydra
 15682 | Lair:1   | Killed a four-headed hydra
 15833 | Lair:1   | Received a gift from Trog
 16515 | Lair:2   | Reached XP level 13. HP: 80/99 MP: 12/12
 16799 | Lair:2   | Reached skill level 10 in Fighting
 17610 | Lair:3   | Found a staircase to the Shoals.
 17826 | Lair:3   | Received a gift from Trog
 17960 | Lair:3   | Identified a scroll of acquirement
 18522 | Lair:4   | Paralysed by you for 4 turns
 19199 | Lair:4   | Reached skill level 15 in Polearms
 19536 | Lair:5   | Found a staircase to the Snake Pit.
 20062 | Lair:5   | Noticed a six-headed hydra
 20085 | Lair:5   | Received a gift from Trog
 20114 | Lair:5   | Killed a six-headed hydra
 20802 | Lair:6   | Reached skill level 16 in Polearms
 21521 | Lair:6   | Noticed a five-headed hydra
 21556 | Lair:6   | Killed a five-headed hydra
 21768 | Lair:6   | Received a gift from Trog
 21857 | Lair:6   | Reached XP level 14. HP: 61/106 MP: 13/13
 22958 | Lair:7   | Reached skill level 17 in Polearms
 23025 | Lair:8   | Entered Level 8 of the Lair of Beasts
 23040 | Lair:8   | Reached skill level 15 in Armour
 23808 | Lair:8   | paplaukes: hi
 23810 | Lair:8   | R18L: yo
 23810 | Lair:8   | R18L: long time no see
 23843 | Lair:8   | paplaukes: very
 23853 | Lair:8   | paplaukes: why the new name?
 23855 | Lair:8   | paplaukes: I thought you weren't playing until I saw you on this
 23855 | Lair:8   | R18L: couldn't get into my other one
 23855 | Lair:8   | R18L: dunno if I was using wrong pw
 23859 | Lair:8   | R18L: or just because diff server
 23859 | Lair:8   | paplaukes: should just create new
 23867 | Lair:8   | paplaukes: I think I did that
 24163 | Lair:8   | paplaukes: I can make yours with some silly pass
 24199 | Lair:8   | paplaukes: ruin the stats and all
 24231 | Lair:8   | paplaukes: free of charge
 24231 | Lair:8   | paplaukes: :)
 24231 | Lair:8   | R18L: Aren't they seperate stat sites though
 24231 | Lair:8   | paplaukes: my stats are going on the same page still
 24231 | Lair:8   | R18L: hmm
 24231 | Lair:8   | R18L: lemme test
 24231 | Lair:8   | R18L: I'll see if that turns up
 24231 | Lair:8   | R18L: still gonna play this till I die though
 24696 | Lair:8   | paplaukes: I killed my DS berserker in abyss today
 24696 | Lair:8   | paplaukes: zerked in abyss rune place
 24706 | Lair:8   | paplaukes: woke up two liches and berserk went out
 24712 | Lair:8   | paplaukes: ate 2 crystal spears in a single turn
 24712 | Lair:8   | R18L: ouch
 24712 | Lair:8   | paplaukes: yep
 24712 | Lair:8   | R18L: I've barely touched 0.12 or 0.13
 24712 | Lair:8   | paplaukes: with 2 hander, no blocks
 24756 | Lair:8   | paplaukes: same, it's why I'm not doing git
 24758 | Lair:8   | Reached skill level 18 in Polearms
 24759 | Lair:8   | paplaukes: enough new stuff as is
 24787 | Lair:8   | paplaukes: speaking of new stuff - I saw ds got an awesome new mutation
 24790 | Lair:8   | paplaukes: turns blood splatters into flame clouds
 24930 | Lair:8   | paplaukes: nevermind yours or not
 24930 | Lair:8   | R18L: needs iood
 24930 | Lair:8   | paplaukes: and ignores damage
 24969 | Lair:8   | paplaukes: iood?
 25000 | Lair:8   | R18L: orb of destruction
 25000 | Lair:8   | R18L: isekendrun or whatever
 25001 | Lair:8   | R18L: hate this end
 25015 | Lair:8   | R18L: welllp
 25248 | Lair:8   | Received a gift from Trog
 25271 | Lair:8   | paplaukes: ah well
 25333 | Lair:8   | paplaukes: did you miss .11 or .12 tourneys?
 25335 | Lair:8   | R18L: .12
 25335 | Lair:8   | R18L: I can't remember .11
 25335 | Lair:8   | R18L: :D
 25335 | Lair:8   | paplaukes: I think I saw you on one:)
 25335 | Lair:8   | R18L: I think I played
 25335 | Lair:8   | paplaukes: past the fact
 25335 | Lair:8   | R18L: can't remember what the website was
 25335 | Lair:8   | paplaukes: and daydreamer did 12
 25335 | Lair:8   | paplaukes: http://dobrazupa.org/tournament/0.12/
 25335 | Lair:8   | paplaukes: nope
 25335 | Lair:8   | R18L: .11 tournament website is deleted
 25335 | Lair:8   | R18L: so is .10
 25335 | Lair:8   | R18L: what a shame
 25461 | Lair:8   | R18L: what the hell is that
 25461 | Lair:8   | paplaukes: :D
 25468 | Lair:8   | paplaukes: they just haste and cast might on other trolls
 25468 | Lair:8   | Reached XP level 15. HP: 112/112 MP: 4/14
 25474 | Lair:8   | paplaukes: I liked the deep troll earth mages
 25474 | Lair:8   | R18L: that is a little scary
 25474 | Lair:8   | paplaukes: they cast the
 25474 | Lair:8   | R18L: dunno what it was doing here
 25477 | Lair:8   | paplaukes: well the wall explosion thing
 25505 | Lair:8   | paplaukes: I forgot the lingo by now
 25511 | Lair:8   | R18L: lrd
 25511 | Lair:8   | R18L: something rapid deconstruction
 25511 | Lair:8   | paplaukes: lees something destruction
 25516 | Lair:8   | paplaukes: :D
 25652 | Lair:8   | paplaukes: ok
 25682 | Lair:8   | paplaukes: I got 1 out of 3
 25765 | Lair:8   | Found a viscous altar of Jiyva.
 25765 | Lair:8   | Found a staircase to the Slime Pits.
 25768 | Lair:8   | paplaukes: you know you watn it
 25769 | Lair:8   | paplaukes: :)
 25769 | Lair:8   | R18L: Trog will be mad
 25855 | Lair:8   | paplaukes: yep not a real suggestion
 25888 | Lair:8   | paplaukes: I like how you have to look over new stuff
 26155 | Lair:2   | paplaukes: entrances and all
 26155 | Lair:2   | R18L: the new tiles throw me off a lot
 26156 | Lair:2   | paplaukes: yep
 26156 | Lair:2   | paplaukes: I think I hated gold
 26157 | Lair:2   | paplaukes: and bread rations
 26159 | Lair:2   | paplaukes: got used to them... sorta
 26169 | Lair:2   | paplaukes: now just dislike the spider subdungeon
 26172 | Lair:2   | R18L: it is hard
 26172 | Lair:2   | R18L: and scary
 26172 | Lair:2   | paplaukes: yep
 26178 | Lair:1   | paplaukes: I opted to clear lair and then the entire dungeon
 26178 | Lair:1   | R18L: all these oklobs
 26178 | Lair:1   | paplaukes: over the spider
 26178 | Lair:1   | paplaukes: woah
 26178 | Lair:1   | paplaukes: but
 26178 | Lair:1   | paplaukes: can just send the brothers in arms on them
 26178 | Lair:1   | R18L: yeah
 26178 | Lair:1   | R18L: I had no piety when I got to lair though
 26178 | Lair:1   | R18L: killed 3 of them while invis
 26202 | D:13     | paplaukes: wasn't that bad
 26217 | D:14     | Entered Level 14 of the Dungeon
 26375 | D:14     | paplaukes: do you use books as flamebombs?
 26403 | D:14     | R18L: not usually
 26403 | D:14     | R18L: early on sometimes
 26403 | D:14     | R18L: but they don't seem to burn for long
 26406 | D:13     | paplaukes: yep early boost
 26406 | D:13     | paplaukes: but then again, berserk
 26406 | D:13     | R18L: dunno what to wish for
 26406 | D:13     | paplaukes: well
 26406 | D:13     | paplaukes: I'd just go for armor
 26406 | D:13     | R18L: guess I need boots and gloves
 26406 | D:13     | R18L: yeah
 26406 | D:13     | paplaukes: cause you got weapons covered
 26410 | D:13     | R18L: please running
 26410 | D:13     | paplaukes: oo
 26412 | D:13     | Identified a +2 pair of boots of running (You acquired it on level 13 of the Dungeon)
 26412 | D:13     | R18L: eyyy
 26415 | D:14     | paplaukes: lucky git
 26429 | D:14     | paplaukes: 2nd acquirement too
 26493 | D:13     | R18L: first one got me the dragon slaying glaive
 26633 | D:14     | paplaukes: did you need that
 26635 | D:14     | R18L: was better than what I had at least
 26635 | D:14     | paplaukes: any weapon works
 26635 | D:14     | R18L: not a good brand tohugh
 26899 | D:14     | Found Oxtin's Jewellery Emporium.
 26907 | D:14     | R18L: the quit hasn't shown up yet
 26907 | D:14     | R18L: on http://crawl.akrasiac.org/scoring/players/r18.html
 26907 | D:14     | Bought an uncursed amulet of conservation for 350 gold pieces
 26915 | D:14     | paplaukes: hmm
 26937 | D:14     | paplaukes: well my stats show up
 26953 | D:14     | R18L: on the same site?
 26962 | D:14     | paplaukes: yes
 26987 | D:14     | paplaukes: I was surprised but yes
 26987 | D:14     | R18L: that tile
 26987 | D:14     | paplaukes: http://crawl.akrasiac.org/scoring/players/paplaukes.html
 26987 | D:14     | R18L: way too high quality :D
 26987 | D:14     | paplaukes: :)
 26987 | D:14     | paplaukes: it's nice
 27030 | D:14     | R18L: yuck
 27189 | D:14     | paplaukes: rod of the swarm, huh
 27189 | D:14     | R18L: Ohh
 27189 | D:14     | R18L: fancy rod vault
 27189 | D:14     | Identified a cursed +0 rod of the swarm (14/14) (You took it off a hill giant on level 14 of the Dungeon)
 27207 | D:14     | paplaukes: one spell oni t?
 27207 | D:14     | R18L: seems like it
 27211 | D:14     | Noticed Azrael
 27218 | D:14     | Reached skill level 19 in Polearms
 27224 | D:14     | paplaukes: you got 1res, should be fine
 27245 | D:14     | Killed Azrael
 27270 | D:14     | paplaukes: few scrolls thinner
 27274 | D:14     | Received a gift from Trog
 27283 | D:14     | paplaukes: oh I like how weapons id now
 27283 | D:14     | paplaukes: don't miss the bush whacking
 27424 | D:14     | R18L: I kind of want to make my auto explore un-instant
 27424 | D:14     | paplaukes: really
 27424 | D:14     | R18L: can't seem to turn it off though
 27434 | D:14     | Vidiiot: Omg hey R18
 27441 | D:14     | R18L: Yo
 27456 | D:14     | Vidiiot: Just go to the int file
 27477 | D:14     | paplaukes: it's either dizzy or too slow
 27519 | D:14     | Vidiiot: Ctrl + f = "explore"
 27519 | D:14     | Vidiiot: Put # infront of everything
 27519 | D:14     | Vidiiot: ???
 27519 | D:14     | Vidiiot: Profit
 27523 | D:14     | R18L: :(
 27612 | D:14     | Noticed Gabry's ghost (powerful MiFi)
 27623 | D:14     | Vidiiot: Nice to see you back ;)
 27634 | D:14     | R18L: Gotta get a .12 win at some point
 27634 | D:14     | R18L: :p
 27634 | D:14     | R18L: also this thing is bad news
 27709 | D:14     | Killed Gabry's ghost
 27773 | D:14     | paplaukes: which thing
 27787 | D:14     | Vidiiot: The ghost.
 27853 | D:14     | paplaukes: didn't look like it
 27859 | D:14     | R18L: it wasn't dying to berserk!
 27859 | D:14     | R18L: that means it is danger
 27859 | D:14     | paplaukes: vidi - do you play on here?
 27862 | D:14     | paplaukes: or just fat
 27889 | D:15     | Entered Level 15 of the Dungeon
 27889 | D:15     | Noticed Nergalle
 27890 | D:15     | Vidiiot: I play under an alt. ;)
 27905 | D:15     | Killed Nergalle
 27906 | D:15     | Vidiiot: I haven;t played crawl on this acc for months
 27907 | D:15     | paplaukes: ok
 27928 | D:15     | paplaukes: yep it shows that
 27946 | D:15     | paplaukes: was just checking since r18s stats don't show
 27980 | D:15     | paplaukes: maybe the pw has to match
 27980 | D:15     | R18L: It should
 28204 | D:15     | paplaukes: it has an
 28204 | D:15     | paplaukes: Ongoing Game (cao)
 28205 | D:15     | paplaukes: for you
 28205 | D:15     | R18L: maybe I need to fire up console
 28205 | D:15     | paplaukes: wonder if it got set for cao stats
 28205 | D:15     | R18L: I hope not
 28332 | D:15     | R18L: that new tile is a bit weird
 28346 | D:15     | paplaukes: cao has webtiles
 28361 | D:14     | paplaukes: http://crawl.akrasiac.org:8080/
 28362 | D:14     | paplaukes: er
 28365 | D:14     | Vidiiot: I've never played on CAO
 28413 | D:14     | Vidiiot: I liked CSZO
 28413 | D:14     | Vidiiot: But its so laggy
 28413 | D:14     | Vidiiot: The lag here is bearable
 28413 | D:14     | Tolias: did you try rhf any
 28413 | D:14     | paplaukes: when did the cao get back up
 28413 | D:14     | R18L: wow cao is laggy
 28413 | D:14     | paplaukes: I'm only on here cause I thought cao is gone for good
 28413 | D:14     | Tolias: it was down for a couple of weeks I think
 28413 | D:14     | R18L: I can't even find a game in progress on cao
 28414 | D:14     | paplaukes: I think it can be sorted if you can be bothered
 28517 | D:15     | paplaukes: brb, checking if stats work on cao
 28637 | D:15     | Found Kinwept's Food Boutique.
 28956 | D:15     | Found a staircase to the Vaults.
 29230 | D:15     | Vidiiot: I am surprised you're not using axes.
 29230 | D:15     | R18L: I like reach :p
 29230 | D:15     | R18L: Although trog has been trying to convince me
 29230 | D:15     | R18L: wiht like 3 randart axes
 29347 | D:16     | Noticed Fannar
 29347 | D:16     | paplaukes: yep laggy
 29355 | D:16     | Paralysed by Fannar for 3 turns
 29357 | D:16     | R18L: oh boy
 29359 | D:16     | paplaukes: nice
 29364 | D:16     | Killed Fannar
 29364 | D:16     | Reached skill level 20 in Polearms
 29385 | D:16     | paplaukes: you didn't even honor him with a berserk
 29390 | D:16     | R18L: what was he gonna do, staff me to death
 29404 | D:16     | R18L: I wish I hadn't dropped my trident
 29489 | D:16     | Noticed Louise
 29490 | D:16     | R18L: oh
 29490 | D:16     | R18L: well then
 29508 | D:16     | paplaukes: cold you to death
 29511 | D:16     | R18L: not after all the leaking
 29511 | D:16     | Killed Louise
 29525 | D:16     | paplaukes: I'm not that certain it works
 29528 | D:16     | paplaukes: if it does, great
 29563 | D:16     | R18L: it was
 29563 | D:16     | paplaukes: ok
 29563 | D:16     | R18L: at least I assume that's why he kept doing the
 29563 | D:16     | R18L: "falters for a moment"
 29563 | D:16     | R18L: like 8 times
 29656 | D:16     | Paralysed by an ogre mage for 3 turns
 29759 | D:16     | Noticed Rupert
 29762 | D:16     | paplaukes: fun fun fun
 29762 | D:16     | R18L: how did it get behind me
 29762 | D:16     | R18L: bollocks
 29765 | D:16     | R18L: this could hurt
 29767 | D:16     | R18L: oh
 29769 | D:16     | Tolias: this is the time for your curare to shine
 29769 | D:16     | paplaukes: how quaint
 29769 | D:16     | R18L: yeah I'm kind of worried about running into this horror though
 29769 | D:16     | R18L: if I try to kite
 29769 | D:16     | R18L: does rupert have sinv
 29769 | D:16     | R18L: oh yes
 29770 | D:16     | Tolias: more importantly, he has a glowing exec axe :p
 29789 | D:16     | Killed Rupert
 29789 | D:16     | Received a gift from Trog
 29789 | D:16     | Reached XP level 16. HP: 100/120 MP: 6/15
 29858 | D:16     | paplaukes: biggest one
 29858 | D:16     | R18L: I can barely remember weapon stats
 29862 | D:16     | paplaukes: I had to look poles up too
 29862 | D:16     | Tolias: well this will do for anything up to... orbs of fire
 29881 | D:16     | Tolias: and beyond
 29888 | D:16     | Vidiiot: Glaive is the best 2H polearm
 29890 | D:16     | Got a shimmering ring mail
 29892 | D:16     | paplaukes: really
 29892 | D:16     | R18L: fuggin inventory
 30122 | Lair:2   | paplaukes: why not bardiche, vidioot
 30123 | Lair:2   | Tolias: I thought you'd like a broom as the best polearm vid
 30123 | Lair:2   | Tolias: cause they're manual vacuum cleaners and all
 30137 | Lair:2   | Vidiiot: Hahah
 30141 | Lair:2   | Vidiiot: I'm not going to spam r18's chat!
 30141 | Lair:2   | Vidiiot: He's great. :(
 30145 | Lair:2   | paplaukes: halp
 30145 | Lair:2   | Vidiiot: R18 taught a lot of people how to play crawl :p
 30145 | Lair:2   | paplaukes: why are glaives better than bardiches
 30145 | Lair:2   | R18L: I'm not using this chat for anything
 30316 | Lair:2   | Identified the cursed -5 ring mail of Aqiam {rF++ rC+} (You found it on level 16 of the Dungeon)
 30317 | Lair:2   | Vidiiot: Maybe Bard is better
 30317 | Lair:2   | Vidiiot: I always get mixed up
 30319 | Lair:2   | paplaukes: bard is 200% slow, glaive 180
 30341 | Lair:2   | paplaukes: unsure on damage but should be bigger on bard
 30537 | D:16     | Tolias: ye, bard is top
 30581 | D:16     | paplaukes: thanks
 30678 | D:16     | Vidiiot: :(
 30712 | D:16     | Vidiiot: I haven't played this game for awhile!
 30734 | D:16     | paplaukes: *points* *laughs*
 30753 | D:16     | Tolias: lol
 30754 | D:16     | Vidiiot: :'(
 30754 | D:16     | R18L: I hope I die soon
 30754 | D:16     | R18L: I don't want my only human win not tied to R18
 30823 | D:16     | paplaukes: hell entrance any time now
 30823 | D:16     | paplaukes: :)
 30823 | D:16     | R18L: or wait
 30823 | D:16     | R18L: did I win huie
 30897 | D:16     | paplaukes: can zerk it
 30902 | D:16     | R18L: yeah
 30902 | D:16     | Tolias: ye
 30902 | D:16     | paplaukes: and if not, respectable death
 30903 | D:16     | Tolias: no doubt
 31599 | D:17     | R18L: yuck
 32074 | D:17     | paplaukes: can't go without sinv forever
 32189 | D:17     | R18L: I'm sure I've ascended without it
 32205 | D:17     | Reached skill level 21 in Polearms
 32232 | D:17     | R18L: lightnign bolt
 32232 | D:17     | paplaukes: you can ascend without most things
 32232 | D:17     | R18L: I don't like it :(
 32232 | D:17     | Tolias: mobile ogre shield
 32239 | D:17     | paplaukes: it's just not that fun
 32274 | D:17     | R18L: ascending without hp is the least fun
 32327 | D:17     | Noticed Agnes
 32327 | D:17     | R18L: oh geeze
 32347 | D:17     | R18L: this isn't so good
 32349 | D:17     | Mangled by Agnes

Action                   |  1- 3 |  4- 6 |  7- 9 | 10-12 | 13-15 | 16-18 || total
-------------------------+-------+-------+-------+-------+-------+-------++-------
Melee: Trident           |   128 |   120 |   791 |  1469 |   297 |       ||  2805
       Halberd           |       |       |     2 |       |       |       ||     2
       Glaive            |       |       |       |       |  1502 |    44 ||  1546
       Bardiche          |       |       |       |       |       |   204 ||   204
 Fire: Blowgun           |       |       |     3 |     1 |     3 |       ||     7
Throw: Javelin           |       |    17 |    10 |    33 |       |       ||    60
       Throwing net      |       |     3 |       |     2 |     1 |       ||     6
       Stone             |       |       |     9 |       |       |       ||     9
Invok: Berserk           |       |       |     3 |     6 |    18 |     3 ||    30
       Burn Spellbooks   |       |       |     2 |     6 |     5 |       ||    13
       Brothers in Arms  |       |       |       |       |     5 |     1 ||     6
       Trog's Hand       |       |       |       |       |     3 |       ||     3
Evoke: Wand              |       |       |       |    21 |     4 |       ||    25
       Rod               |       |       |       |       |     3 |     2 ||     5
  Use: Scroll            |     5 |       |    14 |    12 |    11 |     2 ||    44
       Potion            |       |       |     5 |     8 |     7 |     2 ||    22
 Stab: Sleeping          |     2 |       |       |       |       |       ||     2
       Distracted        |       |       |     1 |       |     2 |       ||     3
       Invisible         |       |       |       |    10 |       |       ||    10
       Held in net/web   |       |       |       |     1 |       |       ||     1
       Fleeing           |       |       |       |       |     1 |       ||     1
       Petrified         |       |       |       |       |     1 |       ||     1
